AoeStats
← ELBO | Dseko

Lombardia

509816133Analyzed
4v4 RM · 3d ago on Sep 28, 2026· 46m 55s· 8 players
Game mode
Random Map
Map size
Large (8 player)
Population
200
Speed
Normal
Resources
Standard
Victory
Conquest
Starting age
Dark Age
Ending age
Imperial Age
RankedLock teamsTeams togetherTeam positionsShared explorationLock speedFull tech treeHidden civsTurbo modeCheats
Victory
Defeat
1444
+15
🇵🇪 Mongols · Peru
1438
+15
🇺🇸 Chinese · United States
1388
+17
🇹🇼 Britons · Taiwan
1381
+18
🇦🇷 Franks · Argentina
1469
-18
🇦🇷 Mongols · Argentina
1416
-16
🇦🇷 Armenians · Argentina
1403
-16
🇦🇷 Spanish · Argentina
1384
-15
SvS Zaoh
7:32 Loom
10:31 Feudal Age
14:33 Castle Age
15:11 Double-Bit Axe
15:42 Fletching
25:54 Bodkin Arrow
25:49 Town Watch
27:47 Bow Saw
30:01 Bloodlines
30:23 Horse Collar
32:09 Wheelbarrow
32:54 Husbandry
33:04 Thumb Ring
34:28 Gold Mining
35:02 Hand Cart
35:28 Ballistics
37:55 Imperial Age
36:22 Padded Archer Armor
38:43 Leather Archer Armor
38:33 Stone Mining
39:20 Gold Shaft Mining
39:14 Conscription
39:05 Bracer
40:07 Chemistry
38:52 Capped Ram
40:23 Siege Engineers
39:44 Elite Mangudai
40:13 Siege Ram
41:33 Parthian Tactics
45:06 Drill
SvS CHEO
3:10 Loom
11:15 Feudal Age
15:38 Castle Age
14:55 Double-Bit Axe
23:15 Scale Barding Armor
27:14 Forging
28:27 Bow Saw
29:46 Wheelbarrow
31:14 Chain Barding Armor
31:27 Gold Mining
32:50 Hand Cart
33:27 Gold Shaft Mining
32:45 Stone Mining
39:05 Imperial Age
37:35 Iron Casting
37:46 Caravan
38:29 Husbandry
39:11 Cavalier
40:27 Plate Barding Armor
40:53 Blast Furnace
40:15 Conscription
40:36 Paladin
43:41 Light Cavalry
SvS Smolf
5:02 Loom
14:05 Feudal Age
18:01 Castle Age
16:34 Fletching
18:15 Double-Bit Axe
18:12 Horse Collar
20:19 Bodkin Arrow
22:01 Padded Archer Armor
32:17 Imperial Age
39:26 Bracer
41:05 Leather Archer Armor
40:13 Elite Composite Bowman
42:00 Chemistry
42:24 Ring Archer Armor
SvS Sabach
9:29 Loom
13:01 Feudal Age
17:10 Fletching
23:59 Double-Bit Axe
23:55 Horse Collar
27:47 Castle Age
25:56 Gold Mining
26:43 Stone Mining
28:19 Wheelbarrow
28:53 Caravan
30:39 Bow Saw
37:52 Imperial Age
36:06 Husbandry
36:12 Scale Barding Armor
36:57 Bloodlines
37:27 Chain Barding Armor
37:10 Heavy Plow
37:53 Cavalier
39:10 Plate Barding Armor
39:11 Conscription
41:14 Forging
42:00 Paladin
peterzjx
0:34 Loom
10:33 Feudal Age
18:36 Castle Age
18:43 Horse Collar
18:53 Double-Bit Axe
21:13 Wheelbarrow
29:32 Fletching
29:43 Padded Archer Armor
33:03 Imperial Age
30:37 Bodkin Arrow
31:30 Leather Archer Armor
33:13 Ballistics
33:36 Hand Cart
33:07 Town Watch
33:38 Thumb Ring
33:12 Elite Chu Ko Nu
35:50 Conscription
36:17 Heavy Plow
38:22 Ring Archer Armor
37:52 Bracer
39:28 Chemistry
ELBO | Dseko
5:41 Loom
8:16 Feudal Age
12:51 Forging
16:07 Scale Barding Armor
18:18 Horse Collar
24:16 Castle Age
24:29 Wheelbarrow
26:23 Iron Casting
26:09 Chain Barding Armor
29:24 Double-Bit Axe
29:18 Light Cavalry
30:08 Bloodlines
29:59 Husbandry
30:47 Chain Barding Armor
35:09 Bow Saw
36:41 Heavy Plow
42:23 Imperial Age
44:50 Blast Furnace
43:14 Hussar
43:17 Capped Ram
潮喜歡說故事的洛洛
11:03 Feudal Age
15:10 Castle Age
13:19 Double-Bit Axe
15:28 Town Watch
16:28 Bow Saw
16:02 Horse Collar
17:00 Wheelbarrow
18:51 Loom
21:19 Heavy Plow
28:34 Imperial Age
26:32 Hand Cart
26:19 Stone Mining
29:03 Forging
28:54 Scale Mail Armor
29:40 Scale Barding Armor
32:17 Fletching
33:07 Iron Casting
32:52 Chain Barding Armor
32:14 Elite Jarl
34:10 Conscription
34:30 Bloodlines
36:20 Husbandry
37:16 Crop Rotation
39:06 Scale Mail Armor
40:13 Blast Furnace
44:56 Caravan
46:04 Plate Barding Armor
飛衫走奶
6:24 Loom
9:07 Feudal Age
9:49 Double-Bit Axe
16:30 Horse Collar
17:28 Wheelbarrow
19:04 Fletching
23:01 Castle Age
21:49 Padded Archer Armor
23:07 Crossbowman
24:00 Pikeman
24:37 Bodkin Arrow
24:53 Bow Saw
24:45 Heavy Plow
25:42 Hand Cart
26:47 Ballistics
30:49 Gold Mining
30:57 Stone Mining
32:51 Leather Archer Armor
37:26 Imperial Age
36:40 Caravan
37:27 Arbalester
38:23 Bracer
39:26 Chemistry
38:08 Treadmill Crane
40:08 Squires
39:54 Arson
39:55 Gambesons
39:49 Halberdier
43:11 Yeomen
43:16 Conscription
45:08 Forging
44:59 Scale Mail Armor
47:01 Iron Casting
46:57 Ring Archer Armor
47:28 Two-Man Saw
46:26 Murder Holes
Connection lost

Rejoining the realm…

Still unreachable

The connection could not be restored.

Session expired

The server has moved on; the page needs a fresh start.